 Dungeon Crawl Stone Soup version 0.19-a0-1682-g5114f93 (webtiles) character file.

21802 mrath the Protected (level 12, -7/106 HPs)
             Began as a Minotaur Fighter on Sept 25, 2016.
             Was a High Priest of Okawaru.
             Killed by divine providence
             ... invoked by a meliai
              (11 damage)
             ... on level 4 of the Lair of Beasts.
             The game lasted 01:04:25 (15591 turns).

mrath the Protected (Minotaur Fighter)             Turns: 15591, Time: 01:04:25

Health: -7/106     AC: 18    Str: 24    XL:     12   Next: 57%
Magic:  11/15      EV: 13    Int:  5    God:    Okawaru [*****.]
Gold:   616        SH: 13    Dex: 12    Spells: 0 memorised, 11 levels left

rFire  . . .     SeeInvis .     y - +1 morningstar (protect)
rCold  + . .     Gourm    .     M - +0 plate armour
rNeg   . . .     Faith    .     c - +1 shield
rPois  .         Spirit   .     N - +0 hat
rElec  .         Dismiss  .     n - +0 cloak
rCorr  .         Reflect  .     s - +0 pair of gloves
MR     .....     Harm     .     (no boots)
Stlth  ..........               (no amulet)
                                R - +3 ring of evasion
                                T - ring of protection from cold

@: finesse, very slightly contaminated
A: retaliatory headbutt, horns 2
a: Heroism, Finesse, Renounce Religion


You were on level 4 of the Lair of Beasts.
You worshipped Okawaru.
Okawaru was extremely pleased with you.
You were not hungry.

You visited 3 branches of the dungeon, and saw 14 of its levels.

You collected 616 gold pieces.

Inventory:

Hand Weapons
 i - a +1 blowgun
 y - a +1 morningstar of protection (weapon)
 D - the +5 war axe of Veladgh {chop, MR+}
   (You found it on level 5 of the Dungeon)

   It inflicts extra damage upon your enemies.
   It affects your resistance to hostile enchantments.
 E - a +1 flail of venom
Missiles
 p - 49 poisoned needles
 x - 9 tomahawks (quivered)
 S - 5 curare-tipped needles
Armour
 c - a +1 shield (worn)
 n - a +0 cloak (worn)
 s - a +0 pair of gloves (worn)
 t - the +4 ring mail "Ytekoer" {rPois MR+++ Stlth+, unknown}
   (Okawaru gifted it to you on level 4 of the Lair of Beasts)

   It protects you from poison.
   It affects your resistance to hostile enchantments.
   It makes you more stealthy.
 M - a +0 plate armour (worn)
 N - a +0 hat (worn)
Jewellery
 u - an uncursed ring of protection from magic
 R - a +3 ring of evasion (right hand)
 T - a ring of protection from cold (left hand)
 V - the ring "Ynuoja" {Wiz rElec SInv}
   (You found it on level 2 of the Lair of Beasts)

   [ring of wizardry]

   It improves your spell success rate.
   It insulates you from electricity.
   It lets you see invisible.
Wands
 b - a wand of iceblast (10/15)
 e - a wand of paralysis (4/24)
 f - a wand of iceblast (6/15)
 v - a wand of disintegration (9/24)
 H - a wand of lightning (9/15)
 U - a wand of acid (6/15)
Scrolls
 d - a scroll of blinking
 k - 5 scrolls of identify
 w - 4 scrolls of remove curse
 z - a scroll of teleportation
 A - a scroll of enchant weapon
Potions
 h - a potion of heal wounds {unknown}
 o - 2 potions of haste
 q - 10 potions of curing
Books
 m - a book of Geomancy

   Spells                             Type                      Level
   a - Sandblast                      Earth                        1
   b - Passwall                       Transmutation/Earth          2
   c - Stone Arrow                    Conjuration/Earth            3
   d - Petrify                        Transmutation/Earth          4
   e - Lee's Rapid Deconstruction     Earth                        5
 r - a Necronomicon

   Spells                             Type                      Level
   a - Haunt                          Necromancy/Summoning         7
   b - Borgnjor's Revivification      Necromancy                   8
   c - Death's Door                   Charms/Necromancy            8
   d - Infestation                    Necromancy                   8
   e - Necromutation                  Transmutation/Necromancy     8
Comestibles
 a - 2 fruits
 g - 2 beef jerkies
 j - 5 slices of pizza
 l - a meat ration


   Skills:
 + Level 10.0 Fighting
 + Level 8.4(9.4) Axes
 - Level 6.6(8.6) Maces & Flails
 + Level 6.6 Throwing
 + Level 10.1 Armour
 + Level 9.2 Dodging
 + Level 9.8 Shields
 + Level 6.3 Invocations
 + Level 5.7 Evocations


You had 11 spell levels left.
You didn't know any spells.

Dungeon Overview and Level Annotations

Branches:
Dungeon (9/15)             Temple (1/1) D:4            Lair (4/6) D:9
 Shoals (0/4) Lair:4       Spider (0/4) Lair:4          Orc (0/2) D:9

Altars:
Ashenzari
Cheibriados
Dithmenos
Elyvilon
Fedhas
Gozag
Hepliaklqana
Kikubaaqudgha
Makhleb
Nemelex Xobeh
Okawaru
Qazlal
Ru
Sif Muna
Uskayaw
Vehumet
Xom
Yredelemnul
Zin
The Shining One

Annotations:
D:7 1 runed door


Innate Abilities, Weirdness & Mutations

You reflexively headbutt those who attack you in melee.
You have a pair of horns on your head.


Message History

You feel like a meek peon again. You block the killer bee's attack. x2
You hear an angry buzzing noise.
You block the killer bee's attack. The killer bee misses you.
You furiously retaliate!
You headbutt the killer bee. You block the killer bee's attack.
You block the killer bee's attack. The killer bee stings you!
* * * LOW HITPOINT WARNING * * *
The killer bee stings you but does no damage.
The meliai mumbles some strange prayers to its god against you.
Something smites you!
* * * LOW HITPOINT WARNING * * *
The killer bee stings you but does no damage. x2
Blink to where?
Press: ? - help, Dir - move target cursor You are very lightly contaminated with residual magic.
As you read the scroll of blinking, it crumbles to dust.
The meliai mumbles some strange prayers to its god against you.
Something smites you!
You die... #........###..^..^#.P##. #.......###...^.##...##. y%#.............###.....#. ..#.##..).(............P.. ##.######...(............... ##y.y## ##....#.#........... #yyyyy# #........#......... yyyy#

##.................# #y.#
####P.@...............(
#†####yy........#.....).....
#y##P.y.#y.............#P...
#y..y..§...#P#.........#....
#.###y##########.............
## ### #.............
###.......##.. ###...#####.
#.....## ##


You could see 2 meliai and 4 killer bees.

Vanquished Creatures
  4 hydras
  A hill giant (D:8)
  Pikel (D:8)
  The ghost of zkyp the Basher, a novice OgWn of Okawaru (D:6)
  3 elephants (Lair:4)
  Joseph (D:7)
  2 black mambas
  A gargoyle (D:9)
  4 spiny frogs
  4 komodo dragons
  A troll (D:9)
  A queen bee (Lair:4)
  A polar bear (Lair:3)
  5 hippogriffs
  7 blink frogs
  2 redbacks (Lair:4)
  A wyvern (D:8)
  12 yaks
  2 basilisks
  A steam dragon (D:7)
  A hungry ghost (D:8)
  Edmund (D:6)
  5 water moccasins
  3 porcupines
  4 orc warriors
  Duvessa (D:5)
  6 ogres
  2 ice beasts
  3 sky beasts
  13 wolves
  9 centaurs
  6 crocodiles
  13 bullfrogs
  Dowan (D:5)
  4 scorpions
  15 killer bees
  A centaur zombie (D:8)
  4 crimson imps
  3 hounds
  2 quasits
  3 jellies
  6 orc priests
  3 bullfrog skeletons
  8 orc wizards
  Crazy Yiuf (D:2)
  7 iguanas
  2 worker ants (D:4)
  2 hound zombies
  4 gnolls (D:8)
  8 adders
  30 river rats
  A shadow imp (D:6)
  4 oozes
  An adder skeleton (D:4)
  5 worms
  A dart slug (D:3)
  4 leopard geckos
  39 orcs
  2 ball pythons (D:3)
  11 giant cockroaches
  9 goblins
  9 hobgoblins
  6 jackals
  4 quokkas
  4 bats (D:1)
  6 frilled lizards
  A jackal skeleton (D:7)
  8 kobolds
  A kobold zombie (D:7)
  A leopard gecko zombie (D:5)
  2 quokka skeletons
  A quokka zombie (D:6)
  11 rats
357 creatures vanquished.

Vanquished Creatures (others)
  4 slaves (D:8)
  2 killer bees
  An iguana (D:9)
  2 jackals (D:9)
  4 fungi
  11 plants
  2 withered plants (D:8)
26 creatures vanquished.

Grand Total: 383 creatures vanquished

Notes
Turn   | Place    | Note
-------+----------+-------------------------------------------
     0 | D:1      | mrath the Minotaur Fighter began the quest for the Orb.
     0 | D:1      | Reached XP level 1. HP: 19/19 MP: 0/0
   237 | D:1      | Reached XP level 2. HP: 26/26 MP: 1/1
   602 | D:1      | Reached XP level 3. HP: 31/31 MP: 2/2
  1237 | D:2      | Found a runed door.
  1527 | D:2      | Reached skill level 5 in Maces & Flails
  1696 | D:2      | Reached XP level 4. HP: 39/39 MP: 3/3
  1847 | D:2      | Noticed Crazy Yiuf
  1850 | D:2      | Killed Crazy Yiuf
  1989 | D:3      | Reached skill level 1 in Dodging
  2029 | D:3      | Found a deep blue altar of Sif Muna.
  2056 | D:3      | Reached XP level 5. HP: 32/46 MP: 4/4
  2263 | D:3      | Found a snail-covered altar of Cheibriados.
  2284 | D:3      | You fall through a shaft for 2 floors!
  2284 | D:5      | Entered Level 5 of the Dungeon
  2327 | D:4      | Noticed an ogre
  2345 | D:4      | Killed an ogre
  2345 | D:4      | Reached XP level 6. HP: 42/53 MP: 5/5
  3887 | D:4      | Found a glowing silver altar of Zin.
  3968 | D:4      | Found a staircase to the Ecumenical Temple.
  3978 | Temple   | Entered the Ecumenical Temple
  4097 | D:4      | Reached XP level 7. HP: 54/60 MP: 6/6
  4166 | D:5      | Reached skill level 5 in Shields
  4185 | D:5      | Reached skill level 5 in Fighting
  4319 | D:5      | Reached skill level 5 in Armour
  4391 | D:5      | Found a glowing golden altar of the Shining One.
  4392 | D:5      | Found a stormy altar of Qazlal.
  4397 | D:5      | Found a shadowy altar of Dithmenos.
  4398 | D:5      | Found an iron altar of Okawaru.
  4401 | D:5      | Found a hide-covered altar of Uskayaw.
  4406 | D:5      | Became a worshipper of Warmaster Okawaru
  4576 | D:5      | Got a steaming war axe
  4577 | D:5      | Identified the +5 war axe of Veladgh {chop, MR+} (You found it on level 5 of the Dungeon)
  4735 | D:5      | Noticed Duvessa
  4735 | D:5      | Noticed Dowan
  4739 | D:5      | Killed Duvessa
  4741 | D:5      | Killed Dowan
  4741 | D:5      | Reached skill level 1 in Axes
  4891 | D:5      | Reached XP level 8. HP: 67/69 MP: 7/7
  5053 | D:6      | Reached * piety under Okawaru
  5516 | D:6      | Noticed Edmund
  5524 | D:6      | Killed Edmund
  5524 | D:6      | Reached skill level 1 in Invocations
  5913 | D:6      | Reached skill level 1 in Throwing
  5990 | D:6      | Noticed zkyp's ghost (novice OgWn)
  6048 | D:6      | Killed zkyp's ghost
  6048 | D:6      | Reached ** piety under Okawaru
  6048 | D:6      | Reached skill level 5 in Dodging
  6048 | D:6      | Reached XP level 9. HP: 51/78 MP: 9/9
  6306 | D:7      | Found a runed door.
  6738 | D:7      | Found a basalt altar of Yredelemnul.
  6902 | D:7      | Noticed Joseph
  6918 | D:7      | Reached skill level 1 in Evocations
  6926 | D:7      | Killed Joseph
  6926 | D:7      | Reached *** piety under Okawaru
  7753 | D:8      | Found an ancient bone altar of Kikubaaqudgha.
  7782 | D:8      | Got a scorched chain mail
  7783 | D:8      | Identified the cursed +1 chain mail of the Poles {rC+ Slay+3} (You found it on level 8 of the Dungeon)
  7810 | D:8      | Reached XP level 10. HP: 72/86 MP: 11/11
  8029 | D:8      | Reached skill level 5 in Axes
  8141 | D:8      | Noticed Pikel
  8154 | D:8      | Killed Pikel
  8154 | D:8      | Reached **** piety under Okawaru
  8378 | D:8      | Received a gift from Okawaru
  8397 | D:8      | Noticed a hill giant
  8411 | D:8      | Killed a hill giant
  8761 | D:8      | Found a sacrificial altar of Ru.
  8826 | D:9      | Noticed a gargoyle
  9188 | D:9      | Found a staircase to the Orcish Mines.
  9324 | D:9      | Found a radiant altar of Vehumet.
  9787 | D:9      | Killed a gargoyle
  9845 | D:9      | Found a staircase to the Lair.
  9894 | D:9      | Reached ***** piety under Okawaru
  9948 | D:9      | Reached XP level 11. HP: 86/95 MP: 13/13
  9950 | D:9      | Reached skill level 5 in Throwing
 10227 | Lair:1   | Entered Level 1 of the Lair of Beasts
 10665 | Lair:1   | Received a gift from Okawaru
 11653 | Lair:2   | Reached skill level 5 in Invocations
 11825 | Lair:2   | Got a crude pewter ring
 11835 | Lair:2   | Identified the ring "Ynuoja" {Wiz rElec SInv} (You found it on level 2 of the Lair of Beasts)
 12961 | Lair:3   | Noticed a seven-headed hydra
 12970 | Lair:3   | Killed a seven-headed hydra
 13206 | Lair:3   | Noticed a five-headed hydra
 13218 | Lair:3   | Killed a seven-headed hydra
 13447 | Lair:3   | Reached skill level 5 in Evocations
 13516 | Lair:3   | Reached XP level 12. HP: 86/104 MP: 15/15
 14229 | Lair:4   | Noticed an eight-headed hydra
 14239 | Lair:3   | Killed an eight-headed hydra
 14843 | Lair:4   | Noticed an eight-headed hydra
 14876 | Lair:4   | Killed an eight-headed hydra
 14959 | Lair:4   | Received a gift from Okawaru
 14979 | Lair:4   | Got a distressingly furry ring mail {god gift}
 15001 | Lair:4   | Reached skill level 10 in Armour
 15110 | Lair:4   | Found a staircase to the Shoals.
 15318 | Lair:4   | Found a hole to the Spider Nest.
 15570 | Lair:4   | Reached skill level 10 in Fighting
 15590 | Lair:4   | HP: 4/106 [meliai/divine providence (15)]
 15591 | Lair:4   | Killed from afar by a meliai

Vault maps used:
D:1:      minmay_arrival_plants_in_alcoves, minmay_pentomino_x2
D:2:      uniq_crazy_yiuf_cottage
D:3:      cheibriados_altar_1, first_bread, portal_sewer_entry_f,
          lemuel_blue_sif_altar
D:4:      lemuel_doored_altar
D:5:      minitemple, uniq_duvessa
D:6:      uniq_edmund
D:7:      dk_yredelemnul_ordeal, uniq_joseph
D:8:      kiku_gazebo_garden_becter, lemuel_coloured_pillars_altar, uniq_pikel
D:9:      nicolae_overflow_hidden_temple, fiery_altar_vehumet,
          david_lair_shrubbed, orc_0_dummy
Temple:   eino_wide_crystal_templ
Lair:3:   grunt_megastairs_3, serial_bayou_shore_a
Lair:4:   minmay_shoals_entry_centaurs, spider_nest_entry_webs, special_room,
          portal_ice_cave_entry_pillars_1, beast_lair_carwin_7

Skill      XL: |  1  2  3  4  5  6  7  8  9 10 11 12 |
---------------+-------------------------------------+-----
Maces & Flails | 3 4 5 6 |  6.6
Dodging        | 1 2 3 4 5 6 7 8 9 |  9.2
Fighting       | 4 5 6 7 8 9 10 | 10.0
Shields        | 4 5 6 7 8 9 |  9.8
Armour         | 4 5 6 7 8 9 10 | 10.1
Axes           | 1 3 4 6 7 8 |  8.4
Invocations    | 2 3 4 5 6 |  6.3
Throwing       | 2 3 4 6 |  6.6
Evocations     | 2 3 5 |  5.7

Action                   |  1- 3 |  4- 6 |  7- 9 | 10-12 || total
-------------------------+-------+-------+-------+-------++-------
Melee: Flail             |    72 |   164 |    21 |       ||   257
       Headbutt          |    13 |    33 |    39 |   118 ||   203
       War axe           |       |       |   205 |   417 ||   622
       Morningstar       |       |       |       |   128 ||   128
 Fire: Blowgun           |       |       |       |    19 ||    19
Throw: Stone             |       |     1 |     6 |       ||     7
       Tomahawk          |       |     1 |    16 |    46 ||    63
Invok: Heroism           |       |       |     3 |    13 ||    16
       Finesse           |       |       |       |     5 ||     5
  Use: Potion            |       |     1 |     2 |     1 ||     4
       Scroll            |       |     6 |     3 |     5 ||    14
  Eat: Chunk             |     2 |     8 |    11 |    24 ||    45
       Beef jerky        |       |       |     1 |       ||     1
       Royal jelly       |       |       |       |     1 ||     1
Armor: Scale mail        |    17 |    64 |       |       ||    81
       Chain mail        |       |    10 |    53 |       ||    63
       Plate armour      |       |       |    23 |   232 ||   255
       Ring mail         |       |       |    18 |       ||    18
Dodge: Dodged            |    24 |    35 |    65 |   272 ||   396
Block: Shield            |    33 |   102 |   133 |   430 ||   698
